cohdb
Replays
Latest Replays
All Replays
Popular Replays
Top Player Replays
Match Explorer
How It Works
Community
CoH3 Stats
Reddit
Sign in to upload your games and track your stats! →
Sign in with Steam
Match 41531403
Unlisted
Match 41531403
Overview
Messages
Build Orders
End
Construct Weapon Support Center
Engineer Squad
M1919 Machine Gun Team
M1919 Machine Gun Team
.30 cal Machine Gun
Mechanized Support Center
Selects Armored Battlegroup
Construct Motor Pool
M8 Greyhound Armored Car
Selects Veteran Crews
Engineer Squad
Engineer Squad
Selects Strength in Steel
M24 Chaffee Light Tank
M24 Chaffee Light Tank
M1 Anti-tank Gun Team
Selects Field Repairs
Selects War Machine
Nithralder
Miles '+'
LOLwhat2
Phan
SoldMyDad
cumsader
0
0
Comments
sign in to comment!
No comments posted yet!